AoeStats
← BenderCharls

Arena

509468439Analyzed
3v3 RM · 6d ago on Sep 26, 2026· 64m 43s· 6 players
Game mode
Random Map
Map size
Normal (6 player)
Population
200
Speed
Normal
Resources
Standard
Victory
Conquest
Starting age
Dark Age
Ending age
Imperial Age
RankedLock teamsTeams togetherTeam positionsShared explorationLock speedFull tech treeHidden civsTurbo modeCheats
Victory
Defeat
🇺🇸 Lithuanians · United States
1030
+13
🇺🇸 Hindustanis · United States
1018
+13
🇲🇽 Bohemians · Mexico
919
+31
🇩🇪 Saxons · Germany
995
-16
🇩🇪 Bengalis · Germany
990
-16
🇩🇪 Byzantines · Germany
892
-12
Snoop Dogg
9:59 Feudal Age
13:59 Castle Age
12:03 Double-Bit Axe
19:53 Wheelbarrow
22:58 Hand Cart
24:58 Bow Saw
24:48 Fletching
32:30 Imperial Age
32:37 Loom
32:38 Town Watch
33:01 Stone Mining
33:01 Gold Mining
33:18 Bodkin Arrow
33:24 Padded Archer Armor
33:25 Scale Mail Armor
33:36 Forging
33:46 Squires
33:32 Arson
33:08 Pikeman
34:35 Masonry
34:36 Fortified Wall
34:30 Bracer
35:47 Chain Mail Armor
35:35 Halberdier
38:27 Plate Mail Armor
38:32 Iron Casting
38:27 Conscription
40:24 Two-Man Saw
39:11 Horse Collar
40:09 Gold Shaft Mining
39:38 Bracer
39:27 Shield Wall
40:20 Town Patrol
41:36 Elite Varangian Guard
42:03 Gambesons
42:29 Crossbowman
43:14 Thumb Ring
42:32 Elite Skirmisher
44:27 Leather Archer Armor
46:54 Hoardings
45:50 Arbalester
49:26 Elite Hearth Troop
50:20 Siege Engineers
50:47 Architecture
51:05 Ring Archer Armor
54:59 Ballistics
55:41 Chemistry
54:39 Murder Holes
LaKostaras
12:13 Feudal Age
16:52 Castle Age
22:19 Pikeman
23:04 Squires
23:18 Forging
23:08 Scale Mail Armor
24:22 Double-Bit Axe
24:23 Horse Collar
24:42 Stone Mining
29:20 Gold Mining
29:41 Heavy Plow
31:14 Scale Barding Armor
31:45 Iron Casting
33:33 Gold Shaft Mining
38:20 Imperial Age
36:21 Husbandry
36:45 Chain Barding Armor
37:53 Chain Mail Armor
38:23 Halberdier
39:36 Plate Mail Armor
39:50 Conscription
43:42 Logistica
43:43 Capped Ram
46:22 Crop Rotation
45:48 Fletching
45:58 Padded Archer Armor
46:35 Plate Barding Armor
45:30 Elite Cataphract
47:06 Bow Saw
54:46 Siege Ram
59:02 Elite Skirmisher
59:49 Thumb Ring
60:47 Ballistics
61:27 Chemistry
60:26 Murder Holes
60:29 Elite Varangian Guard
GabbaAndy
10:02 Feudal Age
14:40 Castle Age
12:35 Horse Collar
13:52 Double-Bit Axe
23:52 Heavy Plow
24:04 Bow Saw
32:48 Imperial Age
31:59 Loom
33:18 Fletching
33:28 Padded Archer Armor
39:30 Conscription
39:29 Paiks
41:22 Ballistics
40:38 Elite Elephant Archer
43:50 Gold Mining
44:34 Crop Rotation
44:38 Bodkin Arrow
44:59 Leather Archer Armor
44:53 Scale Barding Armor
46:08 Chemistry
BenderCharls
5:51 Loom
14:14 Feudal Age
18:14 Forging
21:00 Scale Barding Armor
23:25 Castle Age
29:33 Double-Bit Axe
34:37 Bow Saw
40:09 Elite Skirmisher
40:53 Husbandry
41:22 Chain Barding Armor
41:38 Iron Casting
41:09 Caravan
42:54 Wheelbarrow
44:08 Chemistry
44:11 Ballistics
43:47 Murder Holes
45:27 Hand Cart
49:15 Imperial Age
49:58 Houfnice
58:06 Pikeman
58:47 Squires
TrampyFlounder
9:37 Feudal Age
14:07 Castle Age
19:28 Wheelbarrow
20:02 Pikeman
23:13 Horse Collar
23:19 Double-Bit Axe
26:11 Scale Barding Armor
27:34 Chain Barding Armor
27:15 Gold Mining
27:37 Bow Saw
27:29 Heavy Plow
28:57 Bloodlines
28:48 Husbandry
29:35 Forging
30:37 Stone Mining
34:59 Iron Casting
37:08 Imperial Age
37:02 Ballistics
37:24 Devotion
37:46 Cavalier
39:07 Fletching
39:52 Plate Barding Armor
39:18 Padded Archer Armor
39:37 Paladin
41:36 Faith
40:56 Elite Skirmisher
41:42 Thumb Ring
41:40 Town Watch
43:57 Squires
43:55 Bodkin Arrow
44:16 Leather Archer Armor
45:35 Chemistry
45:44 Bracer
46:15 Ring Archer Armor
55:42 Town Patrol
55:52 Murder Holes
56:10 Masonry
56:39 Tower Shields
58:24 Elite Leitis
59:43 Treadmill Crane
UndueMarker5275
10:43 Feudal Age
15:25 Castle Age
14:54 Double-Bit Axe
16:04 Horse Collar
24:46 Gold Mining
25:09 Bow Saw
25:32 Bloodlines
26:04 Wheelbarrow
26:05 Scale Barding Armor
29:13 Gold Shaft Mining
29:26 Hand Cart
31:41 Chain Barding Armor
31:32 Forging
31:33 Husbandry
32:41 Loom
32:44 Town Watch
35:17 Iron Casting
39:45 Imperial Age
37:28 Masonry
37:39 Ballistics
40:08 Heavy Camel Rider
42:01 Chemistry
42:27 Imperial Camel Rider
44:54 Plate Barding Armor
45:19 Blast Furnace
47:01 Fletching
47:12 Padded Archer Armor
50:38 Leather Archer Armor
50:19 Bodkin Arrow
Connection lost

Rejoining the realm…

Still unreachable

The connection could not be restored.

Session expired

The server has moved on; the page needs a fresh start.